Map: Ephemeron LE

Players

MaNa

  • Race: Protoss Protoss
  • Spawn Location: 11:00

TIME (Oliveira) - Winner!

  • Race: Terran Terran
  • Spawn Location: 5:00

VOD

Have the link to the VOD?

Description

Time

  • Played on: Sept. 7, 2019, 1:54 p.m.
  • Length: 13:26
Show
View Real Time Build Order
Export as new Build Order

MaNa Protoss 

Build Orders: 1 Gate Expand, Oracle Opening 

Get SALT Encoding   

  12  0:00  Probe  
  13  0:12  Probe  
  14  0:18  Pylon  
  14  0:24  Probe  
  15  0:32  Probe  
  15  0:40  Gateway, Probe  
  16  0:48  Assimilator  
  17  0:51  Probe  
  18  1:03  Probe  
  19  1:15  Probe  
  20  1:26  Nexus  
  20  1:36  Cybernetics Core  
  20  1:38  Probe  
  21  1:43  Assimilator  
  21  1:50  Probe  
  21  1:53  Pylon  
  22  2:02  Probe, Adept  
  23  2:14  Probe  
  26  2:21  Stargate  
  26  2:22  Adept  
  26  2:25  Warp Gate  
  26  2:27  Probe  
  29  2:38  Probe  
  29  2:39  Probe  
  31  2:50  Probe  
  31  2:51  Probe  
  33  2:53  Adept  
  35  3:02  Probe  
  35  3:03  Probe  
  37  3:06  Oracle  
  40  3:14  Probe  
  40  3:15  Probe  
  42  3:25  Pylon  
  42  3:26  Probe  
  43  3:27  Probe  
  44  3:36  Assimilator  
  44  3:38  Probe  
  44  3:40  Probe  
  46  3:43  Oracle  
  49  3:50  Probe  
  49  3:51  Gateway x2, Probe  
  51  3:58  Probe  
  51  3:59  Twilight Council, Probe  
  51  4:01  Pylon  
  52  4:06  Probe  
  52  4:08  Pylon  
  53  4:14  Blink  
  54  4:19  Probe  
  54  4:23  Phoenix  
  57  4:29  Probe  
  54  4:43  Probe x2  
  54  4:45  Assimilator  
  56  4:51  Stalker  
  56  4:52  Stalker x2  
  62  4:56  Nexus  
  62  4:59  Probe  
  64  5:00  Probe  
  64  5:02  Pylon  
  64  5:09  Robotics Facility  
  64  5:22  Probe  
  64  5:23  Sentry x2, Stalker  
  71  5:37  Gateway x2  
  71  5:38  Gateway  
  71  5:39  Gateway  
  71  5:42  Gateway  
  71  5:43  Templar Archives  
  71  5:44  Probe  
  71  5:45  Probe  
  73  5:50  Warp Prism  
  73  5:57  Gateway, Pylon  
  73  6:00  Charge  
  73  6:01  Psionic Storm  
  75  6:09  Pylon  
  76  6:11  Probe x2  
  76  6:12  Probe  
  78  6:22  Zealot, High Templar  
  82  6:29  Pylon  
  82  6:36  Zealot x3, High Templar  
  88  6:45  Zealot x3  
  94  6:53  Immortal  
  98  6:58  Zealot x2  
  98  6:59  Zealot  
  104  7:09  Stalker  
  104  7:10  Zealot x2, Stalker  
  112  7:19  Zealot x3  
  112  7:20  Zealot  
  114  7:24  Zealot  
  106  7:50  Zealot x2, Stalker x3  
  106  7:51  Zealot x2  
  90  8:03  Nexus  
  90  8:08  High Templar x2  
  90  8:11  Pylon  
  94  8:28  Warp Prism, Forge, Pylon  
  94  8:29  Sentry  
  94  8:31  High Templar x2  
  102  8:35  Archon  
  102  8:37  Protoss Ground Armor Level 1, Pylon  
  102  8:38  Forge  
  102  8:44  Protoss Ground Weapons Level 1  
  100  8:49  Stalker x2  
  100  8:52  Probe x2  
  106  9:04  Probe  
  106  9:06  Probe  
  108  9:11  Immortal  
  108  9:15  Probe  
  108  9:16  Probe  
  114  9:25  Stalker  
  116  9:31  High Templar x2  
  116  9:33  Assimilator  
  120  9:38  Pylon  
  120  9:41  Pylon, Zealot x3  
  122  9:49  Stalker x2  
  124  9:56  High Templar, Stalker  
  126  10:04  Stalker x3  
  118  10:17  Stalker x2  
  86  10:22  Zealot x3  
  92  10:28  Zealot x2  
  92  10:29  Zealot x2  
  92  10:43  Zealot x4, High Templar  
  90  10:57  Zealot, High Templar  
  92  11:04  Zealot  
  92  11:05  Zealot x2  
  98  11:16  High Templar x2  
  102  11:30  Nexus  
  98  11:44  Observer  
  98  11:50  Nexus  
  99  11:55  Sentry  
  101  12:04  High Templar  
  101  12:05  Zealot x2, High Templar  
  109  12:09  Archon  
  109  12:14  Stalker  
  109  12:15  Stalker  
  113  12:20  Stalker  
  113  12:25  Stalker  
  115  12:38  Stalker  
  107  12:46  High Templar  
  107  12:47  Zealot x2  
  111  13:02  Zealot x5  
  113  13:09  Zealot x2  
Show
View Real Time Build Order
Export as new Build Order

TIME Terran - Winner!

Build Orders: Reaper Expand 

Get SALT Encoding   

  12  0:00  SCV  
  13  0:13  SCV  
  14  0:17  Supply Depot  
  14  0:25  SCV  
  15  0:38  SCV  
  15  0:40  Barracks  
  16  0:44  Refinery  
  16  0:50  SCV  
  17  1:03  SCV  
  18  1:15  SCV  
  19  1:27  Orbital Command, Reaper  
  20  1:43  Command Center  
  20  1:50  Supply Depot  
  21  1:54  SCV  
  21  1:59  Barracks Reactor  
  21  2:02  Refinery  
  21  2:06  SCV  
  22  2:18  SCV  
  22  2:19  Bunker  
  23  2:23  Factory  
  23  2:30  SCV  
  23  2:35  Marine  
  23  2:36  Marine  
  26  2:42  SCV  
  27  2:53  Marine x2  
  27  2:54  SCV  
  27  2:56  Orbital Command  
  30  3:07  Starport, Factory Tech Lab  
  30  3:11  Marine  
  31  3:15  SCV  
  32  3:22  SCV  
  32  3:26  Cyclone  
  36  3:29  Marine x2  
  36  3:32  SCV  
  36  3:33  Supply Depot  
  39  3:34  SCV  
  40  3:44  SCV  
  40  3:47  Viking, Marine x2  
  45  3:48  SCV  
  45  3:53  Supply Depot  
  45  3:59  Siege Tank  
  45  4:00  SCV  
  50  4:02  SCV  
  50  4:10  Barracks  
  50  4:17  Barracks Tech Lab, Barracks  
  50  4:19  SCV  
  49  4:26  SCV  
  49  4:30  Starport Reactor  
  49  4:31  SCV  
  49  4:35  Stimpack, Marine  
  49  4:38  SCV  
  52  4:40  Refinery, Engineering Bay  
  52  4:42  Siege Tank  
  52  4:43  SCV  
  56  4:50  SCV  
  56  4:51  Supply Depot  
  57  4:55  SCV  
  57  4:57  Marine x3  
  61  5:02  SCV  
  61  5:05  Refinery, Terran Infantry Weapons Level 1  
  62  5:12  SCV, Marine  
  64  5:14  SCV  
  64  5:15  Supply Depot x2  
  64  5:18  Marine  
  65  5:21  Marine  
  65  5:24  SCV  
  65  5:26  Starport Reactor, SCV  
  65  5:29  Marine  
  65  5:34  Marine x2  
  67  5:36  Siege Tank  
  67  5:37  SCV  
  67  5:38  SCV, Marine  
  73  5:42  Marine  
  73  5:46  Supply Depot  
  73  5:47  Marine  
  73  5:49  SCV  
  76  5:50  SCV  
  76  5:54  Marine  
  78  5:58  Marine  
  78  6:01  SCV  
  78  6:02  Medivac  
  78  6:03  Medivac  
  85  6:05  Missile Turret  
  85  6:07  Missile Turret  
  85  6:09  Marine x2  
  86  6:12  Supply Depot  
  86  6:16  Siege Tank  
  86  6:18  SCV x2  
  91  6:20  Marine  
  91  6:21  Liberator  
  91  6:22  Liberator  
  91  6:23  Combat Shield  
  91  6:24  Marine  
  93  6:27  Marine  
  93  6:30  Marine  
  93  6:32  Supply Depot  
  94  6:37  Marine  
  97  6:41  Marine  
  97  6:42  Marine  
  101  6:50  Marine  
  101  6:53  Marine  
  103  6:55  Siege Tank, Marine  
  103  6:57  Supply Depot  
  103  6:59  Marine  
  106  7:05  Liberator  
  106  7:06  Liberator, Marine  
  106  7:07  SCV  
  106  7:08  Marine  
  109  7:15  Marine  
  109  7:19  Marine  
  109  7:21  Marine  
  110  7:24  Marine  
  110  7:26  Marine  
  117  7:33  Marine  
  118  7:39  Supply Depot  
  118  7:40  Supply Depot  
  118  7:42  Marine  
  118  7:43  SCV, Marine  
  117  7:45  Siege Tank  
  117  7:47  Marine  
  90  7:51  Marine  
  90  7:52  Marine  
  87  8:00  Marine  
  87  8:01  Marine  
  87  8:03  Command Center  
  87  8:05  SCV, Marine  
  88  8:08  Medivac  
  88  8:10  Medivac, Marine x2  
  94  8:16  SCV  
  94  8:18  Terran Infantry Armor Level 1, Marine  
  94  8:19  Marine  
  97  8:22  Siege Tank  
  97  8:25  Marine  
  101  8:28  Marine x2  
  103  8:34  Liberator x2  
  103  8:35  Barracks  
  103  8:36  Barracks, Marine  
  103  8:39  SCV, Marine  
  106  8:47  Marine x2  
  108  8:52  Marine  
  108  8:54  SCV, Marine  
  117  8:56  SCV  
  117  9:00  Siege Tank, Marine  
  122  9:05  Marine x2  
  124  9:11  Marine  
  124  9:13  SCV  
  124  9:14  SCV  
  124  9:17  Marine  
  126  9:22  Marine  
  128  9:24  Barracks Tech Lab  
  128  9:26  Barracks Tech Lab  
  128  9:27  Marine  
  128  9:31  Marine  
  129  9:32  SCV  
  129  9:33  Orbital Command  
  129  9:35  Supply Depot, Siege Tank  
  134  9:38  Medivac  
  136  9:50  Marine  
  135  9:54  Marine  
  135  9:55  Marine x2  
  135  9:56  Marauder x2  
  135  9:58  Marine  
  128  10:08  Marine  
  110  10:16  Marauder  
  110  10:17  Marine x2  
  110  10:18  Marauder, Siege Tank  
  110  10:19  SCV  
  109  10:21  Marine  
  109  10:22  Marauder  
  109  10:24  Medivac x2  
  109  10:28  SCV x2  
  117  10:31  Marine  
  117  10:32  SCV  
  117  10:35  Marine  
  118  10:37  Marine  
  116  10:52  Marine  
  116  10:53  Marauder  
  116  10:55  Marine x2  
  116  10:56  Marauder  
  104  10:57  Siege Tank  
  104  10:58  SCV x2  
  104  11:00  Marine x2  
  111  11:05  Ghost Academy  
  111  11:07  SCV  
  112  11:12  Marine  
  112  11:14  Marauder, SCV x2  
  112  11:16  Marine  
  118  11:19  SCV  
  118  11:21  Marine  
  118  11:22  Marauder, Marine  
  123  11:26  SCV  
  123  11:27  Supply Depot  
  124  11:36  Marine  
  124  11:38  SCV  
  124  11:39  Ghost x2  
  128  11:43  Ghost  
  128  11:47  Marine  
  130  11:48  Marine x2  
  130  11:49  Siege Tank  
  130  11:52  Supply Depot  
  130  11:53  SCV x2  
  138  11:55  Marine  
  138  11:57  SCV  
  138  11:59  Medivac  
  142  12:01  Medivac  
  142  12:08  Marauder  
  145  12:13  Marauder, Marine x2  
  149  12:20  Concussive Shells  
  149  12:24  Supply Depot, Marine x2  
  149  12:25  Supply Depot  
  149  12:26  Siege Tank  
  154  12:34  Marauder, Marine x2  
  157  12:38  Medivac  
  157  12:39  Medivac  
  161  12:45  Marine  
  161  12:47  Marauder, Marine x2  
  166  12:57  Marine  
  167  13:00  Marine  
  167  13:04  Marine x2  
  167  13:05  Marauder  
  172  13:10  Engineering Bay  
  172  13:11  Armory  
Tags
 
Add a new tag
Caveats
  • Supply blocks, unpowered buildings, or Contaminate may cause inaccurate times.
  • Supply counts are checked every 10 seconds.